 Dungeon Crawl Stone Soup version 0.31-a0-188-g5e087ee2ca (webtiles) character file.

Game seed: 14589182923788552340

144 qw the Skirmisher (level 5, -3/29 HPs)
             Began as a Deep Elf Hunter on June 23, 2023.
             Slain by an iguana (10 damage)
             ... on level 4 of the Dungeon.
             The game lasted 00:00:58 (2927 turns).

qw the Skirmisher (Deep Elf Hunter)                 Turns: 2927, Time: 00:00:59

Health: -3/29      AC:  7    Str: 10      XL:     5   Next: 5%
Magic:  7/7        EV: 11    Int:  9 (12) God:
Gold:   190        SH:  5    Dex: 16 (18) Spells: 4/4 levels left

rFire   . . .        Y - +0 shortbow
rCold   . . .        (shield currently unavailable)
rNeg    . . .        e - +0 ring mail
rPois   .            (no helmet)
rElec   .            (no cloak)
rCorr   .            g - +1 pair of gloves
SInv    .            (no boots)
Will    .....        f - amulet of reflection
Stlth   +            (no ring)
HPRegen 0.24/turn    (no ring)
MPRegen 0.10/turn

%: reflection
@: about to teleport
A: dopey 1
a: no special abilities


You were on level 4 of the Dungeon.
You visited 1 branch of the dungeon, and saw 4 of its levels.

You collected 190 gold pieces.


Innate Abilities, Weirdness & Mutations

You are dopey. (Int -2)


   Skills:
 - Level 1.5 Fighting
 + Level 8.4 Ranged Weapons
 - Level 2.4 Dodging
 - Level 1.2 Stealth


You had 4 spell levels left.
You didn't know any spells.
Your spell library was empty.

Inventory:

Hand Weapons
 Y - a +0 shortbow (weapon)
Armour
 e - a +0 ring mail (worn)
 g - a +1 pair of gloves (worn)
Jewellery
 f - an amulet of reflection (around neck)
Scrolls
 a - 2 scrolls of teleportation
 b - a scroll of identify
Potions
 d - 2 potions of mutation
 h - a potion of curing
 i - a potion of lignification {unknown}
 j - a potion of brilliance {unknown}

Dungeon Overview and Level Annotations

Branches:
Dungeon (4/15)
 Temple: D:4-7

Altars:
Hepliaklqana
Vehumet
Zin

Annotations:
D:2 1 runed translucent door, Crazy Yiuf


Message History

There is an open door here.
An iguana comes into view.
Enter note:
Enter note: You shoot an arrow.
The arrow hits the iguana but does no damage.
You shoot an arrow.
The arrow hits the iguana but does no damage.
Enter note: You shoot an arrow.
The arrow hits the iguana.
The iguana is lightly wounded.
You shoot an arrow. The arrow closely misses the iguana.
You shoot an arrow. The arrow closely misses the iguana.
The iguana bites you.
You shoot an arrow. The arrow hits the iguana.
The iguana is moderately wounded.
The iguana bites you!
You shoot an arrow. The arrow barely misses the iguana.
The iguana closely misses you. x2
You shoot an arrow. The arrow closely misses the iguana.
The iguana hisses menacingly.
The iguana bites you!
You shoot an arrow.
The arrow hits the iguana but does no damage.
The iguana is moderately wounded.
You block the iguana's attack.
You shoot an arrow. The arrow hits the iguana.
The iguana is heavily wounded.
You block the iguana's attack.
You shoot an arrow.
The arrow hits the iguana but does no damage.
The iguana is heavily wounded.
The iguana bites you!
2926 ||| READING 3 scrolls of teleportation.
As you read the scroll of teleportation, it crumbles to dust.
You feel strangely unstable. The iguana barely misses you.
You shoot an arrow. The arrow closely misses the iguana.
The iguana bites you!
You die...

#..##...####+###
#..##..........#
#..............#
#..............#
#..##..........+
##+##...##.....#
#...##.....#
+....l.....#
#....@.....#
#.^.##.....#
#...# .....#
#.... .....+
#..........#
##+#########


You could see an iguana.

Vanquished Creatures
  7 adders
  4 worms
  2 dart slugs
  An orc (D:3)
  8 ball pythons
  7 bats
  4 endoplasms
  A giant cockroach (D:2)
  5 goblins
  6 hobgoblins
  3 jackals (D:2)
  3 quokkas
  2 frilled lizards
  5 kobolds
  2 rats (D:2)
60 creatures vanquished.

Notes
Turn   | Place    | Note
-------+----------+-------------------------------------------
     0 | D:1      | qw the Deep Elf Hunter began the quest for the Orb.
     0 | D:1      | Reached XP level 1. HP: 12/12 MP: 3/3
     0 | D:1      | 0 ||| qw: Version: 0.3-a-9-g12657ce
     0 | D:1      | 0 ||| qw: Game counter: 3444
     0 | D:1      | 0 ||| qw: Always use a shield: true
     0 | D:1      | 0 ||| qw: God list: Okawaru
     0 | D:1      | 0 ||| qw: Allow faded altars: false
     0 | D:1      | 0 ||| qw: Do Orc after D:15 true
     0 | D:1      | 0 ||| qw: Do second Lair branch before Depths: true
     0 | D:1      | 0 ||| qw: Lair rune preference: random
     0 | D:1      | 0 ||| qw: Plans: Normal
     0 | D:1      | 0 ||| PLANNING D:1-11
   197 | D:1      | Reached XP level 2. HP: 16/16 MP: 4/4
   202 | D:1      | Reached skill level 6 in Ranged Weapons
   713 | D:1      | 713 ||| UPGRADING to +0 ring mail.
   723 | D:1      | 723 ||| DROPPING +0 leather armour.
   724 | D:1      | 724 ||| UPGRADING to +1 pair of gloves.
   729 | D:1      | 729 ||| UPGRADING to amulet of reflection.
   734 | D:1      | 734 ||| DROPPING ring of wizardry.
   735 | D:1      | 735 ||| READING scroll labelled ECOEWN KEHYSE.
   736 | D:1      | 736 ||| DROPPING scroll of butterflies.
   779 | D:2      | 779 ||| STAIRDANCE
   783 | D:1      | Reached XP level 3. HP: 16/20 MP: 5/5
   890 | D:2      | Reached skill level 7 in Ranged Weapons
  1012 | D:2      | Found a faded altar of an unknown god.
  1188 | D:2      | Reached XP level 4. HP: 22/25 MP: 6/6
  1249 | D:2      | Found a runed translucent door.
  1250 | D:2      | Noticed Crazy Yiuf
  1573 | D:2      | Found the +9 sword of Zonguldrok {reap}
  1935 | D:2      | 1935 ||| DROPPING amulet of guardian spirit.
  1936 | D:2      | 1936 ||| READING scroll labelled GIGERA UCANAESKU.
  1937 | D:2      | 1937 ||| READING 2 scrolls labelled ZOYNAPL KENA.
  1938 | D:2      | 1938 ||| READING scroll labelled DACIKLUFIPN.
  2012 | D:2      | 2012 ||| DRINKING 3 fizzy inky potions.
  2012 | D:2      | Gained mutation: You are dopey. (Int -2) [potion of
                  | mutation]
  2013 | D:2      | 2013 ||| DRINKING 2 metallic sapphire potions.
  2014 | D:2      | 2014 ||| DROPPING potion of degeneration.
  2065 | D:3      | Reached skill level 8 in Ranged Weapons
  2074 | D:3      | 2074 ||| FLEEEEING.
  2076 | D:3      | 2076 ||| FLEEEEING.
  2078 | D:3      | 2078 ||| STAIRDANCE
  2204 | D:3      | Found a hazy altar of Hepliaklqana.
  2572 | D:3      | Reached XP level 5. HP: 28/29 MP: 7/7
  2578 | D:3      | Found a glowing silver altar of Zin.
  2578 | D:3      | Found a radiant altar of Vehumet.
  2850 | D:3      | 2850 ||| DRINKING 2 fuming red potions.
  2851 | D:3      | 2851 ||| READING 2 scrolls of identify.
  2851 | D:3      | 2851 ||| IDENTIFYING yellow potion
  2852 | D:3      | 2852 ||| DROPPING potion of attraction.
  2925 | D:4      | HP: 6/29 [iguana (10)]
  2926 | D:4      | 2926 ||| READING 3 scrolls of teleportation.
  2927 | D:4      | Slain by an iguana

Levels and vault maps discovered:
D:1:      dpeg_arrival_windows_large_door, layout_loops_corners
D:2:      layout_loops_ring, ebering_ecumenical_altar_petrified,
          roderic_lattice_a, nicolae_half_adder, uniq_crazy_yiuf_cottage
D:3:      layout_loops_ring, lemuel_doored_altar, nicolae_overflow_two_pavilions
D:4:      minmay_angry_zag, layout_gridville,
          nicolae_wu_jian_immortal_techniques,
          nemelex_xobeh_ov_fountains_minmay, overflow_temple_1_default,
          minmay_temple_entry_crystal_x

Skill      XL: |  1  2  3  4 |
---------------+-------------+-----
Ranged Weapons | 6 7 8 |  8.4
Fighting       | |  1.5
Dodging        | |  2.4
Stealth        | |  1.2

Action                     |  1- 3 |  4- 6 || total
---------------------------+-------+-------++-------
   Fire: Shortbow          |   118 |   109 ||   227
    Use: Scroll            |     1 |     5 ||     6
         Potion            |       |     3 ||     3
 Armour: Leather armour    |     3 |       ||     3
         Ring mail         |    20 |    22 ||    42
  Dodge: Dodged            |    33 |    28 ||    61
  Block: Other             |    14 |    17 ||    31

Table legend:
 A = Non-vault XP
 B = Vault XP
 C = Vault XP percentage of total XP
 D = Non-vault monster count
 E = Vault monster count
 F = Vault count percentage of total count
                 A         B        C        D         E       F
            +---------+---------+-------+---------+---------+-------
      Total |     180 |      26 |  12.6 |      58 |       2 |   3.3
            +---------+---------+-------+---------+---------+-------
        D:1 |      35 |       0 |   0.0 |      12 |       0 |   0.0
        D:2 |      83 |      26 |  23.9 |      29 |       2 |   6.5
        D:3 |      62 |       0 |   0.0 |      17 |       0 |   0.0
            +---------+---------+-------+---------+---------+-------
